 Dungeon Crawl Stone Soup version 0.23-a0-356-g1757c6e (webtiles) character file.

44 Cryolive the Digger (level 3, -4/19 HPs)
             Began as a Gargoyle Earth Elementalist on Oct 21, 2018.
             Slain by a gnoll
             ... wielding a cursed +0 club
              (6 damage)
             ... on level 2 of the Dungeon.
             The game lasted 00:03:33 (1429 turns).

Cryolive the Digger (Gargoyle Earth Elementalist)   Turns: 1429, Time: 00:03:33

Health: -4/19      AC:  7    Str: 11    XL:     3   Next: 62%
Magic:  3/6        EV: 12    Int: 16    God:
Gold:   94         SH:  0    Dex: 10    Spells: 6/7 levels left

rFire    . . .     SeeInvis .   f - +0 dagger
rCold    . . .     Gourm    .   (no shield)
rNeg     + . .     Faith    .   c - +0 robe
rPois    ∞         Spirit   .   (no helmet)
rElec    +         Reflect  .   m - +0 cloak
rCorr    .         Harm     .   j - +0 pair of gloves
MR       .....                  (no boots)
Stlth    ++........             (no amulet)
HPRegen  0.06/turn              (no ring)
MPRegen  0.10/turn              (no ring)

@: very slightly contaminated
A: negative energy resistance 1, electricity resistance, unbreathing,
petrification resistance, rot immunity, AC +3
a: no special abilities


You were on level 2 of the Dungeon.
You were not hungry.

You visited 1 branch of the dungeon, and saw 2 of its levels.

You collected 94 gold pieces.

Inventory:

Hand Weapons
 f - a +0 dagger (weapon)
Missiles
 b - 67 stones (quivered)
Armour
 c - a +0 robe (worn)
 j - a +0 pair of gloves (worn)
 m - a +0 cloak (worn)
Scrolls
 a - a scroll of remove curse {unknown}
 e - 3 scrolls of identify {unknown}
 g - a scroll of teleportation {unknown}
 n - a scroll of immolation {unknown}
Potions
 h - a potion of degeneration {unknown}
 i - a potion of curing {unknown}
 k - 2 potions of haste {unknown}
 l - a potion of cancellation {unknown}
Comestibles
 d - 2 rations


   Skills:
 - Level 1.9 Dodging
 - Level 2.5 Stealth
 + Level 2.5 Spellcasting
   Level 0.7 Transmutations
 + Level 4.5 Earth Magic


You had 6 spell levels left.
You knew the following spells:

 Your Spells              Type           Power        Failure   Level  Hunger
a - Sandblast             Erth           ###...       3%          1    #......

Your spell library contained the following spells:

 Spells                   Type           Power        Failure   Level  Hunger
 Passwall                 Tmut/Erth      ##......     10%         2    ##.....
 Stone Arrow              Conj/Erth      #.....       22%         3    ###....
 Petrify                  Tmut/Erth      ##......     54%         4    #####..
 Lee's Rapid Deconstruct  Erth           ###.......   63%         5    ######.


Dungeon Overview and Level Annotations

Branches:
Dungeon (2/15)

Altars:


Innate Abilities, Weirdness & Mutations

You are resistant to torment.
Your stone body is resilient. (AC +3)
You are immune to poison.
You resist negative energy. (rN+)
You are resistant to electric shocks. (rElec)
You can survive without breathing.
You are immune to petrification.
You are immune to rotting.


Message History

* * * LOW HITPOINT WARNIN' * * * x2
Castin': Sandblast (safe; 3% risk o' failure) Confirm wit' . or Enter, or press ? or * ta list all spells.
Aimin': Sandblast (safe; 3% risk o' failure)
Press: ? - help, Shift-Dir - straight line, f - goblin
Aim: a goblin, wieldin' a +0 club Tha blast o' sand hits tha goblin.
Ye kill tha goblin!
b - 67 stones Tha gnoll hits ye but does nay damage.
Castin': Sandblast (safe; 3% risk o' failure) Confirm wit' . or Enter, or press ? or * ta list all spells.
Aimin': Sandblast (safe; 3% risk o' failure)
Press: ? - help, Shift-Dir - straight line, f - gnoll
Aim: a gnoll, wieldin' a +0 club Ye miscast Sandblast.
Ye be very lightly contaminated wit' residual magic.
Nuthin' appears ta happ'n.
Tha gnoll hits ye wit' a cursed +0 club.
Ye die...

...gg.......##
.....##)##..# ...l
#..#..# .....###.#..#
.....g......#
.....###.##.#####
.......gg.......
....####g#.######. ..
#@#........
#...........#
##..........#
########..........#
..................#
.........>........#
........#.######..###
........#.#.........#
........#.#.........#


You could see 3 gnolls.

Vanquished Creatures
  A gnoll (D:2)
  2 bats (D:1)
  A giant cockroach (D:1)
  6 goblins
  7 hobgoblins
  4 jackals (D:1)
  3 frilled lizards
  4 kobolds (D:1)
  3 rats (D:1)
31 creatures vanquished.

Notes
Turn   | Place    | Note
-------+----------+-------------------------------------------
     0 | D:1      | Cryolive the Gargoyle Earth Elementalist began the quest
                  | for the Orb.
     0 | D:1      | Reached XP level 1. HP: 10/10 MP: 3/3
   146 | D:1      | Reached XP level 2. HP: 15/15 MP: 3/5
   186 | D:1      | Reached skill level 4 in Earth Magic
   881 | D:1      | Reached XP level 3. HP: 4/19 MP: 6/6
  1429 | D:2      | Slain by a gnoll

Vault maps used:
D:1:      minmay_arrival_stone_box, minmay_pentomino_o4
D:2:      overflow_temple_1_default, first_ration

Skill      XL: |  1  2 |
---------------+-------+-----
Earth Magic    | 4 |  4.5
Dodging        | |  1.9
Stealth        | |  2.5
Spellcasting   | |  2.5
Transmutations | |  0.7

Action                   || total
-------------------------++-------
Melee: Dagger            ||   148
       Unarmed           ||     3
 Cast: Sandblast         ||     5
 Stab: Sleeping          ||     1
  Eat: Chunk             ||     2
Armor: Robe              ||    42
Dodge: Dodged            ||   117

Table legend:
 A = Non-vault XP
 B = Vault XP
 C = Vault XP percentage of total XP
 D = Non-vault monster count
 E = Vault monster count
 F = Vault count percentage of total count
                 A         B        C        D         E       F
            +---------+---------+-------+---------+---------+-------
      Total |      60 |       4 |   6.2 |      28 |       3 |   9.7
            +---------+---------+-------+---------+---------+-------
        D:1 |      35 |       4 |  10.3 |      21 |       3 |  12.5
        D:2 |      25 |       0 |   0.0 |       7 |       0 |   0.0
            +---------+---------+-------+---------+---------+-------
